 Dungeon Crawl Stone Soup version 0.21.0-26-g889b8f6 (webtiles) character file.

1696555 Haldmier the Slayer (level 27, 270/270 HPs)
             Began as a Barachi Wanderer on Jan 27, 2018.
             Was the Champion of Ashenzari.
             Escaped with the Orb
             ... and 3 runes!
             The game lasted 05:16:29 (67609 turns).

Haldmier the Slayer (Barachi Wanderer)             Turns: 67609, Time: 05:16:30

Health: 270/270    AC: 55    Str: 25    XL:     27
Magic:  10/10      EV: 22    Int: 13    God:    Ashenzari [******]
Gold:   2543       SH: 34    Dex: 19    Spells: 26/26 levels left

rFire    + + .     SeeInvis +   Y - +9 double sword (antimagic) (curse)
rCold    + + +     Gourm    .   U - +8 large shield {reflect} (curse)
rNeg     + . .     Faith    .   F - +9 scales of the Dragon King {rPois rF+ rC+ MR+} (curse)
rPois    +         Spirit   .   p - +2 helmet of Foolhardiness {rElec rPois rC+ Dex+2} (curse)
rElec    +         Reflect  +   L - +4 dragonskin cloak
rCorr    .         Harm     .   R - +1 pair of gloves {Dex+3} (curse)
MR       +++..     Clarity  +   K - +2 pair of boots {run} (curse)
Stlth    ..........             c - amulet of regeneration (curse)
HPRegen  0.95/turn              y - ring "Hobrin" {rF+ AC+2}
MPRegen  0.12/turn              T - ring of Attitude {+Inv rF- Int-2 Dex+3 Slay+5} (curse)

@: no status effects
A: +LOS, swims, clever 1, clumsy 1, robust 1, slowness 1, no potion heal 1,
strong legs 2
0: Orb of Zot
}: 3/15 runes: barnacled, slimy, gossamer
a: Hop, Curse Item, Scrying, Transfer Knowledge, Renounce Religion, Evoke
Invisibility


You escaped.
You worshipped Ashenzari.
Ashenzari was exalted by your worship.
You were not hungry.

You visited 10 branches of the dungeon, and saw 50 of its levels.
You also visited: Labyrinth, Ossuary and Ice Cave.

You collected 7026 gold pieces.
You spent 4483 gold pieces at shops.

Inventory:

Hand Weapons
 Y - a cursed +9 antimagic double sword (weapon)
Armour
 p - the cursed +2 helmet of Foolhardiness (worn) {rElec rPois rC+ Dex+2}
   (You bought it in a shop on level 2 of the Orcish Mines)

   It affects your dexterity (+2).
   It protects you from cold.
   It insulates you from electricity.
   It protects you from poison.
   It has a curse placed upon it.
 F - the cursed +9 scales of the Dragon King (worn) {rPois rF+ rC+ MR+}
   (You bought it in a shop on level 1 of the Shoals)

   It protects you from fire.
   It protects you from cold.
   It protects you from poison.
   It affects your resistance to hostile enchantments.
   It has a curse placed upon it.
 G - a +2 cloak of invisibility
 K - a cursed +2 pair of boots of running (worn)
 L - the +4 dragonskin cloak (worn)
   (You took it off Tiamat on level 3 of the Realm of Zot)
 R - a cursed +1 pair of gloves of dexterity (worn)
 U - a cursed +8 large shield of reflection (worn)
 X - the cursed +0 pair of gloves "Puoqeesi" {rElec rF- rN+++ Dex+4}
   (You acquired it on level 1 of the Realm of Zot)

   It affects your dexterity (+4).
   It makes you vulnerable to fire.
   It insulates you from electricity.
   It renders you almost immune to negative energy.
   It has a curse placed upon it.
Jewellery
 c - a cursed amulet of regeneration (around neck)
 d - an uncursed ring of resist corrosion
 x - an uncursed ring of poison resistance
 y - the ring "Hobrin" (left hand) {rF+ AC+2}
   (You found it on level 5 of the Pits of Slime)

   [ring of protection]

   It affects your AC (+2).
   It protects you from fire.
 z - a +3 ring of evasion
 C - the ring of Hicvud {+Fly MR+ Str+4 Dex+5}
   (You found it on level 1 of the Depths)

   [ring of flight]

   It affects your strength (+4).
   It affects your dexterity (+5).
   It affects your resistance to hostile enchantments.
   It lets you fly.
 T - the cursed ring of Attitude (right hand) {+Inv rF- Int-2 Dex+3 Slay+5}
   (You found it in an ice cave)

   [ring of intelligence]

   It affects your intelligence (-2).
   It affects your dexterity (+3).
   It affects your accuracy and damage with ranged weapons and melee attacks
   (+5).
   It makes you vulnerable to fire.
   It lets you turn invisible.
   It has a curse placed upon it.
Wands
 A - a wand of clouds (14)
 E - a wand of scattershot (5)
 I - a wand of disintegration (53)
 J - a wand of iceblast (40)
 N - a wand of paralysis (61)
 O - a wand of digging (27)
 P - a wand of enslavement (33)
 S - a wand of acid (62)
Scrolls
 g - a scroll of summoning
 h - 7 scrolls of blinking
 i - 25 scrolls of teleportation
 j - 4 scrolls of magic mapping
 l - 3 scrolls of fog
 n - a scroll of silence
 o - 28 scrolls of identify
 D - 14 scrolls of remove curse
 M - 7 scrolls of fear
 V - a scroll of holy word
Potions
 a - 5 potions of haste
 b - 19 potions of curing
 e - 17 potions of mutation
 m - 5 potions of cancellation
 q - 12 potions of heal wounds
 r - 9 potions of agility
 s - 5 potions of might
 u - 5 potions of berserk rage
 v - 2 potions of resistance
 B - a potion of invisibility
 Q - 9 potions of flight
Miscellaneous
 k - a lamp of fire
 t - 4 boxes of beasts
 w - a phial of floods
 H - a fan of gales
 Z - 3 sacks of spiders
Comestibles
 f - 62 rations


   Skills:
 + Level 26.5 Fighting
 - Level 11.8(16.0) Long Blades
   Level 1.1 Axes
 - Level 2.0 Throwing
 + Level 25.6(27) Armour
 + Level 24.4 Dodging
 - Level 22.9(25.0) Shields
 - Level 10.0(12.8) Evocations


You had 26 spell levels left.
You didn't know any spells.

Dungeon Overview and Level Annotations

Branches:
Dungeon (15/15)            Temple (1/1) D:7            Lair (6/6) D:10
 Shoals (4/4) Lair:4       Spider (4/4) Lair:3        Slime (5/5) Lair:6
    Orc (2/2) D:12            Elf (3/3) Orc:2        Vaults (0/5) D:14
 Depths (5/5) D:15            Zot (5/5) Depths:5

Altars:
Ashenzari
Cheibriados
Dithmenos
Elyvilon
Fedhas
Gozag
Hepliaklqana
Kikubaaqudgha
Makhleb
Nemelex Xobeh
Okawaru
Qazlal
Ru
Sif Muna
Trog
Uskayaw
Vehumet
Wu Jian
Xom
Yredelemnul
Zin
The Shining One
Beogh
Jiyva

Shops:
D:14 *   D:15 [   Orc:2 ([([   Elf:2 =}=   Elf:3 :?   Shoals:1 (![*

Portals:
Hell: Depths:1 Depths:2 Depths:3 Depths:4 Depths:5
Abyss: Depths:1 Depths:3 Depths:4
Pandemonium: Depths:3 Depths:4
Ziggurat: Depths:4

Annotations:
Zot:5 1 exclusion


Innate Abilities, Weirdness & Mutations

Shadows flee at your approach. (+LOS)
You can swim through water.
You cover ground slowly.
You can hop long distances.
Your mind is acute. (Int +2)
You are clumsy. (Dex -2)
You are robust. (+10% HP)
Potions are less effective at restoring your health.


Message History

The soul eater is heavily wounded.
You block the soul eater's attack.
You slice the soul eater!!
The soul eater's magic leaks into the air.
The soul eater is almost dead.
The soul eater draws from the surrounding life force!
The soul eater is healed.
You open the soul eater like a pillowcase!!!
You kill the soul eater!
There is a stone staircase leading up here.
You start resting.
HP restored.
You climb upwards.
There is a stone staircase leading down here.
Evoke which item? (* to show all) (? for menu, Esc to quit)
Aiming: Dig
Press: ? - help, Shift-Dir - straight line The rock shatters into small pieces.
There is a staircase leading out of the dungeon here.
You have escaped!

####.........###....####....####.
############......##......##..
#..##..##{.##..##..
#..##..##..##..##..
#..##..##..##..##..
##..##..##..##..##..
#....#......##).....
#....##....####....# ##.@########
###### ####


There were no monsters in sight!

Vanquished Creatures
  the Royal Jelly (Slime:5)
  Tiamat (Zot:3)
  4 orbs of fire
  6 ancient liches (Zot:5)
  Sojobo (Depths:4)
  2 Killer Klowns (Zot:5)
  3 caustic shrikes (Depths:4)
  11 golden dragons
  2 electric golems (Zot:5)
  A bone dragon (Depths:5)
  2 Tzitzimimeh
  Jorgrun (Depths:4)
  16 tentacled monstrosities
  Asterion (Elf:2)
  28 Orb Guardians
  2 liches (Depths:2)
  A deep elf master archer (Elf:3)
  5 quicksilver dragons
  An Executioner (Depths:4)
  A kraken (Shoals:1)
  19 acid blobs
  The ghost of komo4ek the Fencer, an adept DsGl of Uskayaw (Shoals:4)
  Kirke (Spider:3)
  11 death cobs
  A sphinx (shapeshifter) (Depths:4)
  10 storm dragons
  4 sphinxes
  4 tengu reavers
  9 shadow dragons
  8 draconian monks
  Ilsuiw (Shoals:4)
  8 azure jellies
  8 frost giants
  A frost giant (shapeshifter) (Depths:1)
  4 deep elf sorcerers
  6 draconian stormcallers
  5 fire giants
  7 draconian knights
  5 draconian shifters
  4 emperor scorpions
  Louise (Elf:3)
  An orc warlord (Orc:1)
  4 draconian scorchers
  6 ghost moths
  8 deep elf elementalists
  4 draconian annihilators
  2 entropy weavers
  A reaper (Depths:3)
  17 very ugly things
  19 stone giants
  3 war gargoyles (Depths:4)
  2 vampire knights
  3 deep elf demonologists (Elf:3)
  12 deep elf annihilators
  10 green draconians
  15 yellow draconians
  17 red draconians
  14 black draconians
  12 purple draconians
  18 white draconians
  3 spark wasps
  2 merfolk javelineers (Shoals:4)
  6 ettins
  2 deep elf death magi
  Snorg (Orc:1)
  A minotaur (Lab)
  A blizzard demon (Depths:4)
  11 merfolk impalers
  A minotaur (shapeshifter) (Depths:5)
  8 fire dragons
  10 crystal guardians (Depths:4)
  4 death oozes
  Josephine (D:14)
  4 deep elf high priests
  2 yaktaur captains (Depths:5)
  14 great orbs of eyes
  2 ogre magi
  The ghost of Feta the Covert, a journeyman VSAs of Hepliaklqana (Lair:6)
  A hell beast (Depths:5)
  Erolcha (Orc:1)
  4 vault guards (D:14)
  7 hydras
  A great orb of eyes (shapeshifter) (Depths:4)
  18 ice dragons
  8 rakshasas
  A catoblepas (Shoals:2)
  2 spriggan air magi
  An alligator snapping turtle (shapeshifter) (Depths:4)
  An anaconda (shapeshifter) (Depths:4)
  12 two-headed ogres
  2 centaur warriors
  A satyr (Shoals:2)
  A death knight (D:14)
  7 merfolk aquamancers
  52 dancing weapons
  A vampire mage (D:15)
  2 merfolk avatars (Shoals:4)
  A queen ant (Lair:1)
  4 tengu warriors
  5 deep troll earth magi
  A spriggan berserker (Depths:1)
  4 deep troll shamans
  6 death yaks
  2 orc high priests (Orc:2)
  20 deep elf knights
  2 soul eaters
  2 sun demons
  The ghost of Zorot the Grappler, a novice VSMo of Makhleb (D:8)
  3 small abominations
  A fire crab (Lair:6)
  A shadow wraith (Depths:3)
  A skeletal warrior (D:15)
  Nergalle (Orc:1)
  5 hell knights
  A shadow demon (Depths:4)
  2 sixfirhies
  A flayed ghost (Depths:2)
  A gelid demonspawn (Depths:3)
  11 sea snakes
  17 deep trolls
  2 wizards
  5 glowing orange brains
  A sea snake (shapeshifter) (Depths:4)
  3 unseen horrors
  A torturous demonspawn (Depths:3)
  3 orc knights
  2 phantasmal warriors (Depths:2)
  A lindwurm (Lair:6)
  13 deep elf archers
  17 harpies
  5 necromancers
  3 obsidian statues (Depths:4)
  A sphinx zombie (D:15)
  3 shining eyes (Slime:5)
  20 orb spiders
  30 ugly things
  2 oklob plants (Lair:1)
  5 cyclopes
  15 manticores
  26 wolf spiders
  53 deep elf magi
  5 orc sorcerers
  2 wolf spiders (shapeshifter)
  A salamander (Depths:2)
  38 moths of wrath
  An elephant (shapeshifter) (Depths:1)
  17 fauns
  5 elephants (Lair:5)
  2 rust devils
  An elf zombie (D:15)
  10 merfolk sirens
  3 centaur zombies
  9 spiny frogs
  9 black mambas
  Psyche (D:8)
  7 gargoyles
  3 water nymphs
  3 eyes of devastation
  A spiny frog (shapeshifter) (Depths:1)
  3 molten gargoyles
  An elf skeleton (Depths:5)
  15 komodo dragons
  12 yaktaurs
  2 ice statues (IceCv)
  2 rime drakes (IceCv)
  An efreet (D:15)
  2 ice devils (Lair:1)
  A yaktaur (shapeshifter) (Elf:1)
  24 demonic crawlers
  The ghost of resurtm the Conjurer, a novice DEFE of Vehumet (D:4)
  3 tengu conjurers
  A minotaur zombie (Lab)
  A tormentor (Depths:3)
  20 jumping spiders
  A guardian mummy (D:15)
  8 trolls
  32 merfolk
  A meliai (shapeshifter) (Depths:1)
  A wind drake (shapeshifter) (Depths:2)
  2 jumping spiders (shapeshifter)
  3 polar bears (Lair:1)
  A shadow dragon simulacrum (Depths:5)
  76 slime creatures
  A hornet (shapeshifter) (Elf:3)
  8 hippogriffs
  8 wind drakes
  A harpy skeleton (D:14)
  13 hornets
  4 raiju (Depths:4)
  A snapping turtle (shapeshifter) (Depths:3)
  A dream sheep (shapeshifter) (Depths:1)
  5 blink frogs (Lair:5)
  A blink frog (shapeshifter) (Depths:4)
  A deep troll zombie (D:15)
  An ice dragon zombie (D:15)
  11 air elementals
  13 snapping turtles
  2 shadows (D:15)
  Sigmund (D:4)
  A centaur simulacrum (D:14)
  77 redbacks
  A ynoxinul (Depths:2)
  50 tarantellas
  19 water elementals
  22 yaks
  A vampire (D:7)
  7 wyverns
  8 golden eyes
  A human (D:8)
  12 fire elementals
  2 large abominations
  6 wraiths
  Eustachio (D:5)
  Grum (D:8)
  A hog (shapeshifter) (Depths:4)
  9 hogs
  2 steam dragons
  6 basilisks
  2 chaos spawn
  4 hungry ghosts
  3 vampire mosquitoes (Depths:3)
  11 wargs
  21 soldier ants
  Edmund (D:4)
  5 insubstantial wisps
  6 hell hounds
  An acid dragon (D:14)
  An acid dragon (shapeshifter) (Depths:4)
  3 floating eyes
  8 water moccasins
  20 ice beasts
  7 eyes of draining
  7 porcupines
  6 black bears
  32 orc warriors
  A black bear (shapeshifter) (D:15)
  An eye of draining (shapeshifter) (Depths:1)
  A hornet zombie (D:12)
  A necrophage (D:8)
  2 phantoms
  3 sky beasts
  7 wolves
  9 ogres
  8 centaurs
  A big kobold (shapeshifter) (Depths:2)
  3 big kobolds
  13 crocodiles
  A wyvern zombie (D:6)
  11 bullfrogs
  10 earth elementals
  6 scorpions
  A wyvern skeleton (D:10)
  A water moccasin skeleton (D:5)
  14 wights
  An electric eel (Lair:2)
  3 howler monkeys (D:8)
  5 lava snakes (Lair:6)
  9 crimson imps
  A quasit (D:14)
  3 jellies
  An iron imp (Depths:4)
  3 hounds
  25 orc priests
  4 centaur skeletons
  Natasha (D:3)
  Terence (D:3)
  A hell rat (Depths:3)
  An iguana (D:4)
  21 orc wizards
  29 worker ants
  A killer bee zombie (D:8)
  2 hound zombies
  2 hound skeletons (D:4)
  A mummy (Ossuary)
  Robin (D:3)
  A worker ant zombie (D:8)
  4 gnolls (D:10)
  9 adders
  4 shadow imps
  2 adder skeletons (D:4)
  4 worms
  A worm (shapeshifter) (Depths:4)
  3 leopard geckos
  101 orcs
  A ball python (D:2)
  6 bats
  6 giant cockroaches
  14 goblins
  8 hobgoblins
  2 jackals (D:2)
  6 quokkas
  3 frilled lizards
  A giant cockroach zombie (D:5)
  5 gnoll skeletons (Ossuary)
  A jackal skeleton (D:4)
  10 kobolds
  7 kobold skeletons (Ossuary)
  A leopard gecko skeleton (D:4)
  13 orc skeletons (Ossuary)
  2 quokka skeletons
  A quokka zombie (D:5)
  7 rats
  2 crawling corpses
  2 plants
  3 tentacles (Shoals:1)
  A withered plant (D:15)
2087 creatures vanquished.

Vanquished Creatures (others)
  A deep elf master archer (Elf:3)
  A merfolk javelineer (Shoals:4)
  A crystal guardian (Depths:4)
  A yaktaur captain (Depths:5)
  5 centaur warriors
  A satyr (Shoals:4)
  A wizard (Depths:2)
  An orb spider (Spider:4)
  A deep elf mage (Elf:1)
  2 moths of wrath (Zot:5)
  5 yaktaurs
  2 jumping spiders
  A hornet (Spider:4)
  A redback (Spider:4)
  A water elemental (Elf:3)
  An air elemental (Elf:3)
  A fire elemental (Depths:4)
  An eye of draining (shapeshifter) (Depths:4)
  3 centaurs (D:14)
  An earth elemental (Elf:2)
  9 ball lightnings (Depths:4)
  4 fungi
  13 plants
  10 tentacles (Shoals:1)
  3 withered plants
71 creatures vanquished.

Grand Total: 2158 creatures vanquished

Notes
Turn   | Place    | Note
-------+----------+-------------------------------------------
     0 | D:1      | Haldmier the Barachi Wanderer began the quest for the Orb.
     0 | D:1      | Haldmier set off with: a +2 quarterstaff, a potion of curing, 11 poisoned needles, a +0 blowgun, a +0 robe, a ration
     0 | D:1      | Reached XP level 1. HP: 20/20 MP: 1/1
   213 | D:1      | Reached skill level 5 in Fighting
   215 | D:1      | Reached XP level 2. HP: 27/27 MP: 2/2
   439 | D:2      | Found a shattered altar of Ashenzari.
   456 | D:2      | Became a worshipper of Ashenzari the Shackled
   475 | D:2      | Found an ornate altar of the Wu Jian Council.
   945 | D:2      | Reached XP level 3. HP: 26/33 MP: 3/3
  1416 | D:2      | Found a sacrificial altar of Ru.
  1427 | D:2      | Reached XP level 4. HP: 33/39 MP: 4/4
  1699 | D:3      | Noticed Robin
  1704 | D:3      | Killed Robin
  2079 | D:3      | Reached XP level 5. HP: 43/46 MP: 5/5
  2168 | D:3      | Reached skill level 1 in Dodging
  2246 | D:3      | Noticed Natasha
  2252 | D:3      | Killed Natasha
  2300 | D:3      | Noticed Terence
  2307 | D:3      | Killed Terence
  2336 | D:3      | Reached * piety under Ashenzari
  2520 | D:4      | Noticed Sigmund
  2540 | D:4      | Killed Sigmund
  2540 | D:4      | Reached skill level 6 in Fighting
  2540 | D:4      | Reached skill level 5 in Staves
  2540 | D:4      | Reached XP level 6. HP: 50/52 MP: 6/6
  2709 | D:4      | Reached XP level 7. HP: 58/59 MP: 7/7
  2828 | D:4      | Noticed resurtm's ghost (novice DEFE)
  2846 | D:4      | Killed resurtm's ghost
  2979 | D:4      | Found a glowing golden altar of the Shining One.
  3027 | D:4      | Reached XP level 8. HP: 49/65 MP: 8/8
  3116 | D:4      | Noticed Edmund
  3502 | D:3      | Reached skill level 7 in Fighting
  3695 | D:4      | Killed Edmund
  3884 | D:5      | Entered Level 5 of the Dungeon
  3896 | D:5      | Noticed Eustachio
  3921 | D:5      | Killed Eustachio
  4081 | D:5      | Reached skill level 5 in Armour
  4949 | D:6      | Found a shadowy altar of Dithmenos.
  5009 | D:6      | Found a sand-covered staircase.
  5018 | D:6      | Identified a scroll of acquirement
  5019 | D:6      | Found the cursed +7 lajatang of Order {silver, rMut}
  5040 | Ossuary  | Entered an ossuary
  5040 | Ossuary  | Noticed a wraith
  5040 | Ossuary  | Noticed a wraith
  5040 | Ossuary  | Noticed a wraith
  5152 | Ossuary  | Reached ** piety under Ashenzari
  5171 | Ossuary  | Noticed a wraith
  5190 | Ossuary  | Killed a wraith
  5190 | Ossuary  | Reached skill level 8 in Fighting
  5190 | Ossuary  | Reached skill level 5 in Dodging
  5190 | Ossuary  | Reached XP level 9. HP: 68/74 MP: 9/9
  5862 | D:6      | Reached skill level 9 in Fighting
  6384 | D:7      | Reached XP level 10. HP: 77/84 MP: 10/10
  6414 | D:7      | Identified the +4 shortbow "Ylavis" {velocity, Int+9 Stlth+}
  6450 | D:7      | Identified a cursed +2 pair of boots of running (You acquired it on level 7 of the Dungeon)
  6514 | D:7      | Found a staircase to the Ecumenical Temple.
  6519 | D:7      | Noticed a two-headed ogre
  6526 | D:7      | Killed a two-headed ogre
  6526 | D:7      | Reached skill level 10 in Fighting
  6532 | Temple   | Entered the Ecumenical Temple
  7075 | D:8      | Noticed Zorot's ghost (novice VSMo)
  7087 | D:8      | Killed Zorot's ghost
  7088 | D:8      | Reached *** piety under Ashenzari
  7484 | D:8      | Noticed Grum
  7496 | D:8      | Killed Grum
  7537 | D:8      | Noticed a cyclops
  7592 | D:7      | Reached XP level 11. HP: 79/92 MP: 11/11
  7646 | D:8      | Reached skill level 10 in Staves
  7658 | D:8      | Killed a cyclops
  7696 | D:8      | Noticed Psyche
  7699 | D:8      | Killed Psyche
  7997 | D:8      | Noticed a two-headed ogre
  8003 | D:8      | Killed a two-headed ogre
  8003 | D:8      | Reached skill level 11 in Fighting
  8003 | D:8      | Reached skill level 1 in Evocations
  8441 | D:9      | Reached skill level 10 in Armour
  8600 | D:9      | Noticed a two-headed ogre
  8608 | D:9      | Killed a two-headed ogre
  8673 | D:9      | Noticed a two-headed ogre
  8678 | D:9      | Killed a two-headed ogre
  8828 | D:9      | Found a basalt altar of Yredelemnul.
  9233 | D:10     | Entered Level 10 of the Dungeon
  9233 | D:10     | Reached **** piety under Ashenzari
  9442 | D:10     | Noticed a two-headed ogre
  9457 | D:10     | Killed a two-headed ogre
  9655 | D:10     | Found a staircase to the Lair.
 10118 | Lair:1   | Entered Level 1 of the Lair of Beasts
 10188 | Lair:1   | Reached XP level 12. HP: 102/102 MP: 15/15
 10199 | Lair:1   | Found a frozen archway.
 10208 | Lair:1   | Reached skill level 12 in Fighting
 10221 | Lair:1   | Reached skill level 10 in Dodging
 10374 | IceCv    | Entered an ice cave
 10387 | IceCv    | Reached skill level 5 in Evocations
 10787 | IceCv    | Identified the cursed ring of Attitude {+Inv rF- Int-2 Dex+3 Slay+5}
 10791 | IceCv    | Noticed an ice dragon
 10791 | IceCv    | Noticed an ice dragon
 10815 | IceCv    | Killed an ice dragon
 11038 | IceCv    | Killed an ice dragon
 11464 | Lair:1   | Reached skill level 13 in Fighting
 12590 | Lair:2   | Noticed a queen ant
 12639 | Lair:1   | Killed a queen ant
 12791 | Lair:2   | Reached skill level 14 in Fighting
 12812 | Lair:2   | Gained mutation: You can hop long distances. [Barachi growth]
 12812 | Lair:2   | Reached XP level 13. HP: 109/113 MP: 16/16
 12871 | Lair:2   | Reached ***** piety under Ashenzari
 13329 | Lair:2   | Got the uncursed chain mail of the Carpenter {MR+}
 13354 | Lair:2   | Identified the +5 chain mail of the Carpenter {MR+} (You found it on level 2 of the Lair of Beasts)
 14369 | Lair:3   | Found a hole to the Spider Nest.
 15071 | Lair:4   | Found a labyrinth entrance.
 15178 | Lab      | Entered a labyrinth
 15309 | Lab      | Noticed a minotaur
 15316 | Lab      | Killed a minotaur
 15319 | Lab      | Identified the Tome of Virous Heat
 15320 | Lab      | Identified the +2 spear of the Unliving {pierce, rElec Str+4 Int+3}
 15320 | Lab      | Identified the ring "Roexku" {Wiz rElec Dex+4}
 15320 | Lab      | Identified the amulet "Xoepuch" {Inacc +Blink rN+}
 15320 | Lab      | Identified the +7 morningstar of the Nexus {vamp, *Contam Int+2 Dex+3 Stlth+}
 15352 | Lab      | Got the uncursed scale mail "Hachep" {rN+ Regen+}
 15352 | Lab      | Got the uncursed shield of Decompression {+Fly rElec MP-9 Str+5}
 15591 | Lair:1   | Identified the +5 scale mail "Hachep" {rN+ Regen+} (You found it in a labyrinth)
 15621 | Lair:1   | Identified the +3 shield of Decompression {+Fly rElec MP-9 Str+5} (You found it in a labyrinth)
 16200 | Lair:4   | Reached skill level 15 in Fighting
 16342 | Lair:4   | Found a staircase to the Shoals.
 16763 | Lair:5   | Reached ****** piety under Ashenzari
 17166 | Lair:6   | Entered Level 6 of the Lair of Beasts
 17179 | Lair:6   | Reached XP level 14. HP: 113/123 MP: 19/19
 17277 | Lair:6   | Found a viscous altar of Jiyva.
 17277 | Lair:6   | Found a staircase to the Slime Pits.
 17558 | Lair:6   | Noticed Feta's ghost (journeyman VSAs)
 17582 | Lair:6   | Killed Feta's ghost
 17880 | Lair:6   | Found a large runed door.
 17880 | Lair:6   | Found a large runed door.
 19487 | D:11     | Reached skill level 16 in Fighting
 19868 | D:12     | Found a staircase to the Orcish Mines.
 20683 | Orc:1    | Entered Level 1 of the Orcish Mines
 20709 | Orc:1    | Noticed Nergalle
 20709 | Orc:1    | Noticed Erolcha
 20738 | Orc:1    | Killed Erolcha
 20746 | Orc:1    | Killed Nergalle
 20746 | Orc:1    | Reached XP level 15. HP: 87/131 MP: 21/21
 21001 | Orc:1    | Noticed Snorg
 21012 | Orc:1    | Killed Snorg
 21380 | Orc:2    | Entered Level 2 of the Orcish Mines
 21427 | Orc:2    | Found a roughly hewn altar of Beogh.
 21450 | Orc:2    | Found Idghinoeg's Armour Shop.
 21455 | Orc:2    | Bought the +2 helmet of Foolhardiness {rElec rPois rC+ Dex+2} for 570 gold pieces
 21505 | Orc:2    | Found a roughly hewn altar of Beogh.
 21834 | Orc:2    | Found a staircase to the Elven Halls.
 21854 | Orc:2    | Found a roughly hewn altar of Beogh.
 22126 | Orc:2    | Found a roughly hewn altar of Beogh.
 22144 | Orc:2    | Found Vagejez's Antique Weapon Emporium.
 22596 | Orc:2    | Noticed an orc warlord
 22683 | Orc:1    | Killed an orc warlord
 22891 | Orc:2    | Found Hutymer's Antique Weapon Boutique.
 22893 | Orc:2    | Found a roughly hewn altar of Beogh.
 22897 | Orc:2    | Found Oculaudgh's Antique Armour Shop.
 23016 | Elf:1    | Entered Level 1 of the Elven Halls
 23038 | Elf:1    | Reached skill level 10 in Evocations
 23372 | Elf:1    | Reached skill level 15 in Dodging
 23492 | Elf:1    | Reached skill level 17 in Fighting
 23497 | Elf:1    | Reached skill level 15 in Armour
 23725 | Elf:1    | Found a runed door.
 24331 | Elf:1    | Reached XP level 16. HP: 141/141 MP: 23/23
 24810 | Elf:2    | Found a runed gate.
 24824 | Elf:2    | Found a runed gate.
 24840 | Elf:2    | Found a runed gate.
 24863 | Elf:2    | Noticed Asterion
 24884 | Elf:2    | Killed Asterion
 25002 | Elf:2    | Found Neakhylu's Jewellery Shop.
 25002 | Elf:2    | Found Jauhupti's Gadget Emporium.
 25003 | Elf:2    | Found Fiugoo's Jewellery Shop.
 25214 | Elf:2    | Reached skill level 18 in Fighting
 26562 | Elf:3    | Entered Level 3 of the Elven Halls
 26880 | Elf:3    | Reached XP level 17. HP: 70/151 MP: 24/24
 27167 | Elf:3    | Found Vamay's Magic Scroll Emporium.
 27167 | Elf:3    | Found Ecsyde's Book Shoppe.
 27186 | Elf:3    | Noticed Louise
 27204 | Elf:3    | Killed Louise
 27706 | Elf:3    | Reached skill level 19 in Fighting
 28517 | Elf:3    | Identified the +7 war axe of Diet Blood {speed, +Rage Str+2} (You took it off a deep elf demonologist on level 3 of the Elven Halls)
 28538 | Elf:3    | Noticed a deep elf master archer
 28538 | Elf:3    | Noticed a deep elf master archer
 28574 | Elf:3    | Killed a deep elf master archer
 28687 | Elf:3    | Identified the +8 mace of Chaos {pain, rN++ Str+4 Int-5} (You took it off a deep elf annihilator on level 3 of the Elven Halls)
 28784 | Elf:3    | Killed a deep elf master archer
 28784 | Elf:3    | Identified the cursed ring "Gino" {Dex+4 Slay-5}
 29106 | Elf:3    | Identified the +3 arbalest "Moununug" {penet, rF+ Str-2 Dex+7}
 29981 | Elf:3    | Got the uncursed fire dragon scales "Miepoh" {rF++ rC- Dex+2}
 29992 | Elf:3    | Identified the +5 fire dragon scales "Miepoh" {rF++ rC- Dex+2} (You took it off a deep elf master archer on level 3 of the Elven Halls)
 30047 | Elf:3    | Got the uncursed chain mail of the Beggar {Int+3 Slay+3}
 30058 | Elf:3    | Identified the +1 chain mail of the Beggar {Int+3 Slay+3} (You found it on level 3 of the Elven Halls)
 30474 | Spider:1 | Entered Level 1 of the Spider Nest
 31123 | Spider:1 | Reached XP level 18. HP: 162/162 MP: 25/25
 31758 | Spider:2 | Reached skill level 20 in Fighting
 32076 | Spider:2 | Found a runed door.
 32806 | Spider:3 | Noticed Kirke
 32842 | Spider:3 | Killed Kirke
 33723 | Spider:4 | Entered Level 4 of the Spider Nest
 34558 | Spider:3 | Reached XP level 19. HP: 166/171 MP: 4/26
 35126 | Spider:3 | Reached skill level 21 in Fighting
 35719 | Spider:4 | Got a gossamer rune of Zot
 36092 | Shoals:1 | Entered Level 1 of the Shoals
 36219 | Shoals:1 | Found Xupuakhau's Armour Shop.
 36222 | Shoals:1 | Found Ygixzam's Distillery.
 36349 | Shoals:1 | Bought the +9 scales of the Dragon King {rPois rF+ rC+ MR+} for 1996 gold pieces
 36349 | Shoals:1 | Found the +9 scales of the Dragon King {rPois rF+ rC+ MR+}
 36388 | Shoals:1 | Found Icudyn's Assorted Antiques.
 36445 | Shoals:1 | Bought a brightly glowing wooden ring for 125 gold pieces
 36445 | Shoals:1 | Identified the ring "Maextia" {Wiz +Inv Dex+4} (You bought it in a shop on level 1 of the Shoals)
 36564 | Shoals:1 | Found Pehih's Antique Weapon Shop.
 37199 | Shoals:1 | Identified the cursed +0 robe of the Aged Nights {MR+ Int+3} (You took it off a deep elf annihilator on level 3 of the Elven Halls)
 38492 | Elf:2    | Bought an uncursed amulet of regeneration for 390 gold pieces
 38795 | Slime:1  | Entered Level 1 of the Pits of Slime
 39810 | Elf:2    | Bought an uncursed ring of resist corrosion for 260 gold pieces
 40383 | Slime:1  | Reached skill level 5 in Shields
 40760 | Slime:3  | Reached XP level 20. HP: 175/180 MP: 18/27
 40881 | Slime:5  | Entered Level 5 of the Pits of Slime
 40886 | Slime:5  | Paralysed by a floating eye for 3 turns
 41025 | Slime:5  | Gained mutation: Your magical capacity is low. (-10% MP) [a shining eye]
 41237 | Slime:4  | Reached skill level 10 in Shields
 41831 | Slime:5  | Found the amulet of the Four Winds {rN+ MR+++ Clar}
 41839 | Slime:5  | Identified the +4 great sword "Immoil" {slice, +Blink rElec rN+ MR+}
 41839 | Slime:5  | Identified the ring "Hobrin" {rF+ AC+2}
 41839 | Slime:5  | Noticed the Royal Jelly
 41842 | Slime:5  | Found a viscous altar of Jiyva.
 41853 | Slime:5  | Killed the Royal Jelly
 41938 | Slime:5  | Identified the +11 scimitar of Ehydeih {slice, rPois}
 41938 | Slime:5  | Identified the +0 hand crossbow of Defiance {flame, -Tele Str+4 Int+8 Stlth-}
 42081 | Slime:5  | Got a slimy rune of Zot
 42696 | Slime:5  | Identified the Guide on Hexes and Dislocation
 43230 | D:13     | Reached skill level 1 in Long Blades
 43501 | D:13     | Reached skill level 5 in Long Blades
 44077 | D:14     | Identified the +8 mace of Tender Mercy {pain, +Fly rN+++ MR- Dex-5}
 44099 | D:14     | Found Lapp's Demolitions Depot.
 44226 | D:14     | Gained mutation: Armour fits poorly on your strangely shaped body. [a neqoxec]
 44255 | D:14     | Found a gate to the Vaults.
 44649 | D:14     | Noticed Josephine
 44663 | D:14     | Killed Josephine
 44663 | D:14     | Reached XP level 21. HP: 169/187 MP: 8/25
 44672 | D:14     | Reached skill level 10 in Long Blades
 44927 | D:15     | Entered Level 15 of the Dungeon
 45116 | D:15     | Reduced skill Staves to level 5
 45148 | D:15     | Found a staircase to the Depths.
 45257 | D:15     | Reached skill level 15 in Shields
 45631 | D:15     | Found Sinkausi's Armour Shoppe.
 45713 | Depths:1 | Entered Level 1 of the Depths
 46069 | Depths:1 | Identified the ring of Hicvud {+Fly MR+ Str+4 Dex+5}
 46976 | Depths:1 | Found a gateway to Hell.
 47304 | Depths:1 | Found a one-way gate to the infinite horrors of the Abyss.
 47410 | Depths:1 | Reduced skill Staves to level 1
 48213 | Depths:2 | Reached XP level 22. HP: 193/194 MP: 8/26
 48543 | Depths:2 | Noticed a golden dragon
 48557 | Depths:2 | Killed a golden dragon
 49454 | Depths:2 | Identified the cursed +4 shield of Boec {*Drain rPois Regen+} (You acquired it on level 2 of the Depths)
 50002 | Depths:3 | Found a one-way gate leading to the halls of Pandemonium.
 50035 | Depths:3 | Found a runed gate.
 50035 | Depths:3 | Found a runed gate.
 50153 | Depths:3 | Noticed a golden dragon
 50172 | Depths:3 | Killed a golden dragon
 50426 | Depths:3 | Identified The Volume of Greatest Risks and Utility
 50577 | Depths:3 | Found a runed gate.
 50947 | Depths:4 | Noticed Sojobo
 51368 | Depths:4 | Reached XP level 23. HP: 179/201 MP: 9/27
 51395 | Depths:4 | Noticed a golden dragon
 51395 | Depths:4 | a stone giant changed into a golden dragon
 51397 | Depths:4 | a golden dragon changed into an iron dragon
 51439 | Depths:4 | Killed Sojobo
 51689 | Depths:4 | Noticed Jorgrun
 51704 | Depths:4 | Killed Jorgrun
 51981 | Depths:4 | Found a gateway to a ziggurat.
 51995 | Depths:4 | Identified the cursed +1 hunting sling "Epann" {flame, rPois rN+}
 52182 | Depths:4 | Found the +4 Vampire's Tooth {vamp}
 54089 | Shoals:4 | Entered Level 4 of the Shoals
 54324 | Shoals:4 | Got a barnacled rune of Zot
 54431 | Shoals:4 | Noticed Ilsuiw
 54515 | Shoals:4 | Killed Ilsuiw
 54878 | Shoals:4 | Noticed komo4ek's ghost (adept DsGl)
 54925 | Shoals:4 | Killed komo4ek's ghost
 54945 | Shoals:4 | Identified Utiuwk's Guide on Bewitching Attacks
 55537 | Shoals:1 | Bought a scroll of enchant armour for 187 gold pieces
 55537 | Shoals:1 | Bought a scroll of blinking for 187 gold pieces
 55561 | Shoals:1 | Bought a potion of haste for 130 gold pieces
 55561 | Shoals:1 | Bought a potion of agility for 52 gold pieces
 55561 | Shoals:1 | Bought a potion of berserk rage for 65 gold pieces
 55561 | Shoals:1 | Bought a potion of mutation for 104 gold pieces
 55561 | Shoals:1 | Bought a potion of heal wounds for 65 gold pieces
 55561 | Shoals:1 | Bought a potion of haste for 130 gold pieces
 55561 | Shoals:1 | Bought a potion of agility for 52 gold pieces
 55867 | Elf:3    | Bought a scroll of summoning for 95 gold pieces
 55867 | Elf:3    | Bought a scroll of enchant armour for 75 gold pieces
 56614 | Depths:5 | Entered Level 5 of the Depths
 56614 | Depths:5 | Noticed a golden dragon
 56645 | Depths:4 | Killed a golden dragon
 56775 | Depths:5 | Reached skill level 22 in Fighting
 56857 | Depths:5 | Reached XP level 24. HP: 210/210 MP: 9/27
 56858 | Depths:5 | Gained mutation: You are clumsy. (Dex -2) [a shining eye]
 56863 | Depths:5 | Noticed a caustic shrike
 56866 | Depths:5 | Noticed a caustic shrike
 56867 | Depths:5 | Noticed a caustic shrike
 56887 | Depths:4 | Killed a caustic shrike
 57015 | Depths:4 | Killed a caustic shrike
 57030 | Depths:4 | Killed a caustic shrike
 57742 | Depths:5 | Found a gate to the Realm of Zot.
 58221 | Zot:1    | Entered Level 1 of the Realm of Zot
 58221 | Zot:1    | Noticed an orb of fire
 58224 | Zot:1    | Gained mutation: Your muscles are strong. (Str +2) [an orb of fire]
 58426 | Depths:5 | Gained mutation: Potions are less effective at restoring your health. [an orb of fire]
 58428 | Depths:5 | Killed an orb of fire
 58724 | Zot:2    | Reached skill level 23 in Fighting
 58940 | Zot:1    | Reached XP level 25. HP: 117/221 MP: 9/27
 59650 | Zot:1    | Identified the cursed +0 pair of gloves "Puoqeesi" {rElec rF- rN+++ Dex+4} (You acquired it on level 1 of the Realm of Zot)
 60738 | Zot:2    | Reached skill level 24 in Fighting
 61686 | Zot:3    | Reached XP level 26. HP: 173/231 MP: 9/27
 62369 | Zot:4    | Noticed Tiamat
 62744 | Zot:3    | Killed Tiamat
 63736 | Zot:5    | Entered Level 5 of the Realm of Zot
 63855 | Zot:5    | Reached skill level 25 in Fighting
 63983 | Zot:5    | Noticed an ancient lich
 64214 | Zot:5    | Killed an ancient lich
 64351 | Zot:5    | Noticed an ancient lich
 64368 | Zot:5    | Killed an ancient lich
 64450 | Zot:5    | Noticed an orb of fire
 64477 | Zot:5    | Killed an orb of fire
 64731 | Zot:5    | Noticed an ancient lich
 64733 | Zot:5    | Noticed an orb of fire
 64743 | Zot:5    | Killed an ancient lich
 64743 | Zot:5    | Reached XP level 27. HP: 238/242 MP: 9/27
 64750 | Zot:5    | Killed an orb of fire
 65045 | Zot:5    | Noticed an ancient lich
 65055 | Zot:5    | Killed an ancient lich
 65257 | Zot:5    | Noticed an orb of fire
 65261 | Zot:5    | Gained mutation: You tend to lose your temper in combat. [an orb of fire]
 65586 | Zot:5    | Noticed an ancient lich
 65609 | Zot:5    | Killed an ancient lich
 65976 | Zot:5    | Noticed an ancient lich
 65986 | Zot:5    | Killed an ancient lich
 66003 | Zot:5    | Lost mutation: Your muscles are strong. (Str +2) [potion of mutation]
 66003 | Zot:5    | Lost mutation: Armour fits poorly on your strangely shaped body. [potion of mutation]
 66003 | Zot:5    | Lost mutation: You tend to lose your temper in combat. [potion of mutation]
 66003 | Zot:5    | Lost mutation: Your magical capacity is low. (-10% MP) [potion of mutation]
 66003 | Zot:5    | Gained mutation: Your mind is acute. (Int +2) [potion of mutation]
 66003 | Zot:5    | Gained mutation: You are robust. (+10% HP) [potion of mutation]
 66086 | Zot:5    | Reached skill level 26 in Fighting
 66229 | Zot:5    | Killed an orb of fire
 66775 | Zot:5    | Got the Orb of Zot
 67009 | Depths:5 | Noticed Alasumeh the pandemonium lord
 67419 | D:11     | Noticed Rytemm the pandemonium lord
 67609 | D:$      | Escaped with the Orb!

Skill      XL: |  1  2  3  4  5  6  7  8  9 10 11 12 13 14 15 16 17 18 19 20 21 22 23 24 25 26 27 |
---------------+----------------------------------------------------------------------------------+-----
Fighting       | 5 6 8 9 10 11 14 15 16 17 18 19 20 21 22 23 24 25 26 | 26.5
Staves         | 3 4 5 6 7 9 10 7 0 |  0.0
Throwing       | 2 |  2.0
Dodging        | 2 3 5 7 8 9 12 13 14 15 16 17 19 20 21 22 23 24 | 24.4
Armour         | 2 3 4 5 8 9 10 11 12 14 15 16 18 19 20 22 23 24 25 | 25.6
Evocations     | 4 5 6 9 10 | 10.0
Shields        | 7 13 18 21 22 | 22.9
Long Blades    | 9 11 | 11.8
Axes           | |  1.1

Action                   |  1- 3 |  4- 6 |  7- 9 | 10-12 | 13-15 | 16-18 | 19-21 | 22-24 | 25-27 || total
-------------------------+-------+-------+-------+-------+-------+-------+-------+-------+-------++-------
Melee: Quarterstaff      |    91 |   124 |   151 |       |       |       |       |       |       ||   366
       Lajatang          |       |       |   155 |   589 |  1275 |  1544 |  1025 |       |       ||  4588
       Double sword      |       |       |       |       |       |       |   997 |  2147 |  1614 ||  4758
Throw: Tomahawk          |       |     7 |    14 |    13 |       |     1 |       |       |       ||    35
Invok: Curse Item        |     1 |       |       |       |     1 |       |     4 |       |       ||     6
       Scrying           |       |       |       |       |       |     3 |     1 |     1 |       ||     5
       Transfer Knowledg |       |       |       |       |       |       |     3 |       |       ||     3
 Abil: Hop               |       |     1 |     1 |       |     2 |     2 |     4 |     2 |     1 ||    13
       Evoke Invisibilit |       |       |       |       |       |       |       |     1 |       ||     1
Evoke: Wand              |       |     1 |     4 |     3 |    28 |     1 |     6 |     1 |     3 ||    47
       Lamp of fire      |       |       |       |       |       |     1 |       |     2 |     1 ||     4
       Fan of gales      |       |       |       |       |       |       |     1 |       |       ||     1
       Phial of floods   |       |       |       |       |       |       |       |     1 |     1 ||     2
  Use: Scroll            |       |     6 |     4 |     6 |    11 |     2 |    12 |    10 |     4 ||    55
       Potion            |       |       |       |     3 |     3 |     3 |     3 |     3 |    11 ||    26
 Stab: Paralysed         |       |     1 |       |       |       |       |     2 |       |       ||     3
       Confused          |       |     1 |       |       |       |       |       |       |       ||     1
       Distracted        |       |       |       |       |       |       |     1 |       |       ||     1
       Invisible         |       |       |       |       |       |       |       |     5 |     5 ||    10
  Eat: Chunk             |     2 |     5 |    10 |    23 |    34 |    30 |    30 |    24 |    20 ||   178
       Ration            |       |       |     1 |       |     1 |     1 |     5 |     4 |     3 ||    15
Armor: Ring mail         |    40 |     6 |       |       |       |       |       |       |       ||    46
       Chain mail        |       |    48 |   124 |   103 |    84 |       |       |       |       ||   359
       Plate armour      |       |       |       |    75 |    22 |       |       |       |       ||    97
       Robe              |       |       |       |    38 |     5 |       |       |       |       ||    43
       Scale mail        |       |       |       |       |   307 |   579 |   200 |       |       ||  1086
       Gold dragon scale |       |       |       |       |       |       |   756 |   526 |   348 ||  1630
Dodge: Dodged            |    51 |    39 |    98 |   231 |   752 |  1385 |  1185 |   602 |   476 ||  4819
Block: Other             |       |       |       |       |   125 |   228 |   100 |       |       ||   453
       Reflection        |       |       |       |       |     5 |    10 |    91 |    84 |    11 ||   201
       Large shield      |       |       |       |       |       |       |  1313 |  2631 |  1722 ||  5666
       Rpst.: Double sword |       |       |       |       |       |       |    65 |    88 |    65 ||   218
